 Dungeon Crawl Stone Soup version 0.20.0-15-g7f486f2 (webtiles) character file.

7129 vishdafish the Cleaver (level 11, -5/94 HPs)
             Began as a Hill Orc Fighter on June 19, 2017.
             Was a Priest of Beogh.
             Slain by a troll (8 damage)
             ... led by Saint Roka
             ... on level 1 of the Orcish Mines.
             The game lasted 00:24:20 (7790 turns).

vishdafish the Cleaver (Hill Orc Fighter)           Turns: 7790, Time: 00:24:21

Health: -5/94      AC: 21    Str: 29 (30) XL:     11   Next: 10%
Magic:  11/11      EV:  9    Int:  8      God:    Beogh [***...]
Gold:   1113       SH: 12    Dex:  9      Spells: 10/10 levels left

rFire    + . .     SeeInvis .   r - +2 hand axe (elec)
rCold    . . .     Gourm    .   c - +0 shield
rNeg     . . .     Faith    +   P - +6 chain mail of Nycsihix {*Drain +Inv rF+}
rPois    .         Spirit   .   (helmet restricted)
rElec    .         Reflect  .   (no cloak)
rCorr    +         Harm     .   C - +0 pair of gloves
MR       .....                  (no boots)
Stlth    ..........             h - amulet of faith
Regen    0.3/turn               V - +3 ring of protection
MPRegen  0.2/turn               K - ring of Arhacw {rCorr Str+7 Dex-3}

@: no status effects
A: horns 1, deterioration 1, strong 1
a: Smiting, Renounce Religion, Evoke Invisibility


You were on level 1 of the Orcish Mines.
You worshipped Beogh.
Beogh was most pleased with you.
You were not hungry.

You visited 2 branches of the dungeon, and saw 11 of its levels.

You collected 1113 gold pieces.

Inventory:

Hand Weapons
 a - a +0 war axe
 r - a +2 hand axe of electrocution (weapon)
 H - a +3 hand axe of freezing
 W - a +0 battleaxe of venom
Armour
 b - a +0 scale mail
 c - a +0 shield (worn)
 n - a +0 helmet
 C - a +0 pair of gloves (worn)
 P - the +6 chain mail of Nycsihix (worn) {*Drain +Inv rF+}
   (You found it on level 7 of the Dungeon)

   It protects you from fire.
   It lets you turn invisible.
   It causes draining when unequipped.
 R - a +0 pair of gloves
Jewellery
 h - an amulet of faith (around neck)
 j - an uncursed ring of stealth
 z - an uncursed ring of ice
 I - an uncursed ring of wizardry
 K - the ring of Arhacw (right hand) {rCorr Str+7 Dex-3}
   (You found it on level 7 of the Dungeon)

   [ring of resist corrosion]

   It affects your strength (+7).
   It affects your dexterity (-3).
 L - an uncursed ring of resist corrosion
 Q - an uncursed ring of resist corrosion
 V - a +3 ring of protection (left hand)
Wands
 m - a wand of lightning (6/15)
 E - a wand of flame (30/48)
 J - a wand of lightning (5/15)
 M - a wand of paralysis (8/24)
 T - a wand of disintegration (4/24)
Scrolls
 g - 2 scrolls of enchant weapon {unknown}
 o - a scroll of enchant armour {unknown}
 u - 2 scrolls of fear {unknown}
 v - 3 scrolls of remove curse
 y - 3 scrolls of teleportation
 A - 2 scrolls of fog {unknown}
 D - 2 scrolls of immolation {unknown}
 N - a scroll of identify
 O - a scroll of silence {unknown}
 U - a scroll of amnesia {unknown}
Potions
 d - a potion of might
 e - 3 potions of berserk rage
 i - 6 potions of curing
 k - a potion of degeneration
 l - 2 potions of agility
 p - a potion of brilliance
 t - 3 potions of magic
 w - 6 potions of lignification
 x - 4 potions of heal wounds
 F - a potion of invisibility {unknown}
 G - a potion of mutation {unknown}
Books
 S - a book of Geomancy

   Spells                             Type                      Level
   a - Sandblast                      Earth                        1
   b - Passwall                       Transmutation/Earth          2
   c - Stone Arrow                    Conjuration/Earth            3
   d - Petrify                        Transmutation/Earth          4
   e - Lee's Rapid Deconstruction     Earth                        5
Comestibles
 f - 3 bread rations
 q - 8 fruits
 s - 3 meat rations
 B - 3 royal jellies


   Skills:
 + Level 8.0 Fighting
 + Level 13.4 Axes
 + Level 8.9 Armour
 + Level 3.3 Dodging
 + Level 1.0 Stealth
 + Level 8.9 Shields
 + Level 0.6 Evocations


You had 10 spell levels left.
You didn't know any spells.

Dungeon Overview and Level Annotations

Branches:
Dungeon (9/15)             Temple (0/1) D:5             Orc (2/2) D:9
   Lair: D:8-11         Elf: Orc:2

Altars:
Cheibriados
Dithmenos
Elyvilon
Gozag
Hepliaklqana
Makhleb
Nemelex Xobeh
Qazlal
Ru
Sif Muna
Uskayaw
Vehumet
The Shining One

Shops:
D:7 (

Annotations:
Orc:2 Saint Roka


Innate Abilities, Weirdness & Mutations

You have a pair of small horns on your head.
Your body sometimes deteriorates upon taking damage.
Your muscles are strong. (Str +2)


Message History

Your orc warrior closely misses the orc.
Your orc closely misses the troll.
There is an escape hatch in the ceiling here.
You see here 3 tomahawks.
The orc hits your orc warrior with a club.
The troll completely misses you. The troll claws you!
* * * LOW HITPOINT WARNING * * *
You block the troll's attack.
Your orc hits the orc warrior but does no damage.
Your orc warrior hits the orc!
The orc dies!
Beogh accepts your kill.
Your orc hits the troll. A mysterious force pulls you upwards.
The hatch slams shut behind you.
You barely miss the troll.
The troll shouts!
The troll is almost dead.
Your orc hits the troll with a club. The troll bites you!
You die...
Beogh appreciates the troll's killing of a heretic priest.

#.........................#
##.#.....................##
#####.....#.....#......##
### ##.................#
##.## #......#..........##
#...#####.................#
##..##.##.##.............##
#........................#
##.#.†...o@o............##
##.......T........>>...###
##.#...#..............##.
###...###...[...........
##.###....[.....#..... ###
#......#.........
##..#.#..........
#...............#
##.........#.#.##


You could see a troll and 2 friendly orcs.

Vanquished Creatures
  A two-headed ogre (D:9)
  An orc high priest (Orc:1)
  A cyclops (D:9)
  2 trolls (Orc:1)
  Grinder (D:6)
  A hippogriff (D:7)
  Sigmund (D:2)
  4 wargs (Orc:1)
  Edmund (D:6)
  2 two-headed ogre zombies (D:9)
  A water moccasin (D:5)
  6 orc warriors
  An ice beast (D:8)
  3 phantoms
  2 sky beasts (D:6)
  5 ogres
  A crocodile (D:9)
  A centaur (D:9)
  2 bullfrogs
  3 scorpions
  4 troll zombies (D:9)
  4 killer bees (D:9)
  A howler monkey (D:4)
  4 hounds
  A bullfrog skeleton (D:8)
  2 orc priests (Orc:1)
  A centaur zombie (D:9)
  10 orc wizards
  3 iguanas (D:9)
  4 worker ants
  2 ogre zombies (D:9)
  A hound zombie (D:9)
  A worker ant zombie (D:8)
  Robin (D:2)
  A howler monkey zombie (D:8)
  8 adders
  4 gnolls
  An ooze (D:1)
  An adder skeleton (D:6)
  2 worms
  5 dart slugs
  2 leopard geckos
  20 orcs
  3 giant cockroaches
  15 goblins
  5 hobgoblins
  2 jackals (D:1)
  3 kobolds
  6 quokkas
  6 bats
  3 frilled lizards
  5 goblin skeletons (D:9)
  2 goblin zombies (D:9)
  A hobgoblin skeleton (D:9)
  A hobgoblin zombie (D:9)
  A jackal skeleton (D:4)
  13 orc zombies (D:9)
  A quokka skeleton (D:6)
  A quokka zombie (D:9)
  2 rats (D:1)
193 creatures vanquished.

Vanquished Creatures (collateral kills)
  A warg (Orc:1)
  An orc warrior (Orc:2)
  2 ogres (Orc:2)
  An orc priest (Orc:2)
  An orc (Orc:2)
6 creatures vanquished.

Vanquished Creatures (others)
  An orc sorcerer (Orc:1)
  An orc priest (D:9)
  An orc wizard (Orc:2)
  5 orcs (Orc:2)
8 creatures vanquished.

Grand Total: 207 creatures vanquished

Notes
Turn   | Place    | Note
-------+----------+-------------------------------------------
     0 | D:1      | vishdafish the Hill Orc Fighter began the quest for the Orb.
     0 | D:1      | Reached XP level 1. HP: 19/19 MP: 1/1
   140 | D:1      | Reached XP level 2. HP: 27/27 MP: 2/2
   679 | D:1      | Reached XP level 3. HP: 28/33 MP: 3/3
   805 | D:2      | Noticed Robin
   810 | D:2      | Reached skill level 3 in Axes
   831 | D:2      | Killed Robin
  1059 | D:2      | Reached XP level 4. HP: 40/41 MP: 4/4
  1340 | D:2      | Reached skill level 4 in Axes
  1458 | D:2      | Noticed Sigmund
  1465 | D:2      | Killed Sigmund
  1465 | D:2      | Reached skill level 5 in Axes
  1465 | D:2      | Reached skill level 1 in Dodging
  1465 | D:2      | Reached XP level 5. HP: 36/47 MP: 5/5
  1465 | D:2      | Reached XP level 6. HP: 42/55 MP: 6/6
  1834 | D:3      | You fall through a shaft for 2 floors!
  1834 | D:5      | Entered Level 5 of the Dungeon
  1856 | D:5      | Noticed a water moccasin
  1867 | D:5      | Killed a water moccasin
  1867 | D:5      | Reached skill level 5 in Fighting
  1875 | D:5      | Found a staircase to the Ecumenical Temple.
  2045 | D:4      | Found a hazy altar of Hepliaklqana.
  2326 | D:4      | Reached skill level 6 in Axes
  2326 | D:4      | Reached skill level 5 in Armour
  2326 | D:4      | Reached XP level 7. HP: 58/61 MP: 7/7
  2945 | D:5      | Found a white marble altar of Elyvilon.
  3603 | D:6      | Noticed Edmund
  3618 | D:6      | Killed Edmund
  3618 | D:6      | Reached skill level 7 in Axes
  3618 | D:6      | Reached skill level 5 in Shields
  3677 | D:6      | Noticed Grinder
  3683 | D:6      | Reached XP level 8. HP: 35/69 MP: 8/8
  3694 | D:6      | Killed Grinder
  3694 | D:6      | Reached skill level 8 in Axes
  3707 | D:6      | Gained mutation: Your body sometimes deteriorates upon taking damage. [mutagenic meat]
  3708 | D:6      | Gained mutation: Your muscles are strong. (Str +2) [mutagenic meat]
  3709 | D:6      | Gained mutation: You have a pair of small horns on your head. [mutagenic meat]
  3873 | D:6      | Found a sparkling altar of Nemelex Xobeh.
  4314 | D:6      | Found a burning altar of Makhleb.
  4314 | D:6      | Found an opulent altar of Gozag.
  4388 | D:7      | Noticed a hippogriff
  4395 | D:7      | Killed a hippogriff
  4573 | D:7      | Got a vibrating jade ring
  4584 | D:7      | Identified the ring of Arhacw {rCorr Str+7 Dex-3} (You found it on level 7 of the Dungeon)
  4644 | D:7      | Found a hide-covered altar of Uskayaw.
  4644 | D:7      | Found a stormy altar of Qazlal.
  4644 | D:7      | Found a glowing golden altar of the Shining One.
  4644 | D:7      | Found a white marble altar of Elyvilon.
  4652 | D:7      | Found a radiant altar of Vehumet.
  4652 | D:7      | Found a sacrificial altar of Ru.
  4741 | D:7      | Found Gitorof's Weapon Boutique.
  4853 | D:7      | Found a snail-covered altar of Cheibriados.
  4927 | D:7      | Got a distressingly furry chain mail
  4938 | D:7      | Identified the +6 chain mail of Nycsihix {*Drain +Inv rF+} (You found it on level 7 of the Dungeon)
  4968 | D:7      | Reached skill level 9 in Axes
  5330 | D:8      | Reached XP level 9. HP: 70/75 MP: 9/9
  5346 | D:8      | Found a shadowy altar of Dithmenos.
  5879 | D:9      | Became a worshipper of Beogh the Brigand
  5894 | D:9      | Reached skill level 10 in Axes
  5894 | D:9      | Found a shadowy altar of Dithmenos.
  5901 | D:9      | Noticed a cyclops
  5914 | D:9      | Killed a cyclops
  6335 | D:9      | Noticed a two-headed ogre
  6341 | D:9      | Killed a two-headed ogre
  6341 | D:9      | Reached skill level 11 in Axes
  6341 | D:9      | Reached XP level 10. HP: 66/84 MP: 10/10
  6459 | D:9      | Reached * piety under Beogh
  6549 | D:9      | Reached skill level 1 in Stealth
  6763 | D:9      | Found a staircase to the Orcish Mines.
  6774 | D:9      | Reached ** piety under Beogh
  6961 | Orc:1    | Entered Level 1 of the Orcish Mines
  6969 | Orc:1    | Reached skill level 12 in Axes
  7128 | Orc:1    | Noticed an orc high priest
  7136 | Orc:1    | Noticed an orc sorcerer
  7136 | Orc:1    | Killed an orc high priest
  7145 | Orc:1    | Reached *** piety under Beogh
  7194 | Orc:1    | Found a deep blue altar of Sif Muna.
  7197 | Orc:1    | Reached skill level 13 in Axes
  7606 | Orc:1    | Reached XP level 11. HP: 85/94 MP: 11/11
  7764 | Orc:2    | Entered Level 2 of the Orcish Mines
  7773 | Orc:2    | Noticed Saint Roka
  7788 | Orc:2    | HP: 3/94 [troll[Saint Roka] (10)]
  7790 | Orc:1    | Slain by a troll

Skill      XL: |  1  2  3  4  5  6  7  8  9 10 11 |
---------------+----------------------------------+-----
Fighting       | 4 5 6 7 8 |  8.0
Axes           | 3 5 6 7 9 11 13 | 13.4
Armour         | 4 5 6 8 |  8.9
Dodging        | 1 2 3 |  3.3
Shields        | 4 5 7 8 |  8.9
Stealth        | 1 |  1.0
Evocations     | |  0.6

Action                   |  1- 3 |  4- 6 |  7- 9 | 10-12 || total
-------------------------+-------+-------+-------+-------++-------
Melee: War axe           |   107 |       |       |       ||   107
       Hand axe          |       |    73 |   235 |   234 ||   542
       Headbutt          |       |       |    25 |    48 ||    73
Invok: Convert to Beogh  |       |       |     1 |       ||     1
Evoke: Wand              |       |       |     1 |     6 ||     7
  Use: Scroll            |       |       |    12 |       ||    12
 Stab: Distracted        |       |       |       |     1 ||     1
  Eat: Bread ration      |       |     1 |     3 |     1 ||     5
       Chunk             |       |       |     3 |       ||     3
Armor: Scale mail        |    78 |    23 |    42 |       ||   143
       Chain mail        |       |       |    27 |    88 ||   115
Dodge: Dodged            |    38 |    21 |    54 |    44 ||   157
Block: Shield            |    58 |    35 |    90 |   107 ||   290
